 Dungeon Crawl Stone Soup version 0.30-a0-793-g160f7cfddd (webtiles) character file.

Game seed: 13607084310930630284

448 demibob the Carver (level 6, 0/51 HPs)
             Began as a Minotaur Fighter on Feb 19, 2023.
             Slain by Sigmund
             ... wielding a +0 scythe of venom
              (1 damage)
             ... on level 4 of the Dungeon.
             The game lasted 00:03:26 (3021 turns).

demibob the Carver (Minotaur Fighter)               Turns: 3021, Time: 00:03:27

Health: 0/51       AC:  9    Str: 21    XL:     6   Next: 73%
Magic:  5/5        EV:  9    Int:  7    God:
Gold:   146        SH:  0    Dex:  9    Spells: 5/5 levels left

rFire   . . .      SeeInvis .    a - +0 long sword
rCold   . . .      Faith    .    (no shield)
rNeg    . . .      Spirit   .    b - +0 scale mail
rPois   .          Reflect  .    e - +1 hat
rElec   .          Harm     .    j - +0 cloak
rCorr   .          Rampage  .    (no gloves)
Will    .....                    (no boots) Stlth
                                 (no amulet)
HPRegen 0.28/turn                (no ring)
MPRegen 0.09/turn                (no ring)

@: lethally poisoned (0 -> -22)
A: horns 2, retaliatory headbutt
a: no special abilities


You were on level 4 of the Dungeon.
You visited 1 branch of the dungeon, and saw 4 of its levels.

You collected 211 gold pieces.
You spent 65 gold pieces at shops.


Innate Abilities, Weirdness & Mutations

You have a pair of horns on your head.
You reflexively headbutt those who attack you in melee.


   Skills:
 - Level 3.6 Fighting
 + Level 8.8 Long Blades
 - Level 3.6 Armour
 - Level 3.6 Shields


You had 5 spell levels left.
You didn't know any spells.
Your spell library was empty.

Inventory:

Hand Weapons
 a - a +0 long sword (weapon)
Armour
 b - a +0 scale mail (worn)
 e - a +1 hat (worn)
 j - a +0 cloak (worn)
Scrolls
 h - a scroll of identify {@r1}
 i - a scroll of teleportation {@r2}
Potions
 d - a potion of might
 g - a potion of attraction
 k - a potion of haste {@q3}
 m - a potion of flight

Dungeon Overview and Level Annotations

Branches:
Dungeon (4/15)
 Temple: D:4-7

Altars:

Shops:
D:2 !

Annotations:
D:3 3 runed translucent doors, pigah's ghost, weakling OpWn
D:4 Sigmund

#.##)####.#
#.##.##....
##.##†##.#.# .
#..##.##.#.# ..
#.###.##.#.#
.#.# #.#
#.#....##....
###.#
#........#.#.#.
#..<#
###....##......
#.#.# ##.#.@{#
#.).#
#...........
##)##
#######.#.#.
#)# .. #.# <#
#)# ..
#.######## .
#.........
#..#######


There were no monsters in sight!


Message History

You feel much better.
You feel sick. Something hits you!
You are more poisoned.
You miss something.
* * * LOW HITPOINT WARNING * * *
You feel very sick. Something hits you.
* * * LOW HITPOINT WARNING * * *
You are lethally poisoned!
You feel much better.
You feel extremely sick.
You closely miss something.
You feel very sick. Something hits you.
* * * LOW HITPOINT WARNING * * *
You are lethally poisoned!
You miss something.
* * * LOW HITPOINT WARNING * * *
You feel extremely sick. Something hits you.
* * * LOW HITPOINT WARNING * * *
You are more poisoned.
You barely miss something.
* * * LOW HITPOINT WARNING * * *
You feel extremely sick.
Unknown command.
You hit something.
* * * LOW HITPOINT WARNING * * *
You feel very sick. Something hits you.
You die...

Skill      XL: |  1  2  3  4  5 |
---------------+----------------+-----
Long Blades    | 3 4 5 6 8 |  8.8
Fighting       | |  3.6
Armour         | |  3.6
Shields        | |  3.6

Action                     |  1- 3 |  4- 6 || total
---------------------------+-------+-------++-------
  Melee: Long sword        |   106 |   145 ||   251
         Headbutt          |    14 |    20 ||    34
    Use: Scroll            |       |     8 ||     8
         Potion            |       |     7 ||     7
 Armour: Scale mail        |    41 |    61 ||   102
  Dodge: Dodged            |    55 |    59 ||   114

Levels and vault maps discovered:
D:1:      denvon_arrival_waterhouse, layout_loops_corners
D:2:      minmay_kobold_bridge, layout_loops_cross, serial_shops,
          nicolae_shop_hallway_plus, kennysheep_generic_room_6, uniq_jessica
D:3:      layout_loops_cross, gammafunk_ghost_split, minivault_26,
          uniq_crazy_yiuf_cottage
D:4:      layout_loops_ring, minmay_misc_feat_square,
          minmay_misc_feat_diagonals, st_stairs_12, hangedman_decor_lopped,
          uniq_blork_the_orc, uniq_sigmund, uniq_grinder

Notes
Turn   | Place    | Note
-------+----------+-------------------------------------------
     0 | D:1      | demibob the Minotaur Fighter began the quest for the Orb.
     0 | D:1      | Reached XP level 1. HP: 19/19 MP: 0/0
   122 | D:1      | Reached skill level 3 in Long Blades
   244 | D:1      | Reached XP level 2. HP: 26/26 MP: 1/1
   418 | D:1      | Reached skill level 4 in Long Blades
   782 | D:1      | Reached XP level 3. HP: 31/31 MP: 2/2
  1097 | D:2      | Reached skill level 5 in Long Blades
  1288 | D:2      | Reached XP level 4. HP: 29/39 MP: 3/3
  1506 | D:2      | Found Arusuk's Distillery.
  1513 | D:2      | Noticed Jessica
  1522 | D:2      | Killed Jessica
  1523 | D:2      | Reached skill level 6 in Long Blades
  1709 | D:2      | Bought a potion of heal wounds for 65 gold pieces
  2066 | D:3      | Reached XP level 5. HP: 19/45 MP: 4/4
  2421 | D:3      | Found a runed translucent gate.
  2429 | D:3      | Found a runed translucent gate.
  2475 | D:3      | Found a runed translucent gate.
  2477 | D:3      | Noticed pigah's ghost (weakling OpWn)
  2558 | D:3      | Found a runed translucent door.
  2559 | D:3      | Noticed Crazy Yiuf
  2773 | D:3      | Killed Crazy Yiuf
  2860 | D:4      | Reached skill level 7 in Long Blades
  2973 | D:4      | Noticed Grinder
  2981 | D:4      | Paralysed by Grinder for 4 turns
  2990 | D:4      | Paralysed by Grinder for 3 turns
  2992 | D:4      | HP: 4/45 [Grinder (3)]
  2992 | D:4      | HP: 1/45 [Grinder (3)]
  2993 | D:4      | Killed Grinder
  2994 | D:4      | Reached skill level 8 in Long Blades
  2994 | D:4      | Reached XP level 6. HP: 32/51 MP: 5/5
  2998 | D:4      | Noticed Sigmund
  3021 | D:4      | HP: 1/51 [poisoned by Sigmund]
  3021 | D:4      | Slain by Sigmund

Vanquished Creatures
  Grinder (D:4)
  An orc priest (D:4)
  Crazy Yiuf (D:3)
  Jessica (D:2)
  An orc wizard (D:3)
  A gnoll (D:2)
  2 adders
  An ufetubus (D:4)
  4 worms
  2 dart slugs
  7 orcs
  6 ball pythons (D:1)
  9 endoplasms
  A giant cockroach (D:2)
  8 goblins
  4 hobgoblins
  11 kobolds
  4 quokkas
  8 bats
  4 frilled lizards
  5 rats
82 creatures vanquished.

Table legend: (Time is in decaauts)
 A = Elapsed time spent in this place.
 B = Non-inter-level travel time spent in this place.
 C = Inter-level travel time spent in this place.
 D = Time resting spent in this place.
 E = Time spent auto-exploring this place.
 F = Levels seen in this place.
 G = Mean time per level.
                   A        B        C        D        E       F      G
               +--------+--------+--------+--------+--------+-----+--------+
         Total |   3051 |   2925 |    126 |     32 |   2318 |   4 |  762.8 |
       Dungeon |   3051 |   2925 |    126 |     32 |   2318 |   4 |  762.8 |
               +--------+--------+--------+--------+--------+-----+--------+

Top non-repeatable levels by time:
     D:1: 1013 daAuts
     D:2: 949 daAuts
     D:3: 917 daAuts
     D:4: 171 daAuts

Table legend:
 A = Non-vault XP
 B = Vault XP
 C = Vault XP percentage of total XP
 D = Non-vault monster count
 E = Vault monster count
 F = Vault count percentage of total count
                 A         B        C        D         E       F
            +---------+---------+-------+---------+---------+-------
      Total |     243 |     398 |  62.1 |      71 |      11 |  13.4
            +---------+---------+-------+---------+---------+-------
        D:1 |      46 |       0 |   0.0 |      28 |       0 |   0.0
        D:2 |      65 |      62 |  48.8 |      24 |       8 |  25.0
        D:3 |      58 |      39 |  40.2 |      11 |       1 |   8.3
        D:4 |      74 |     297 |  80.1 |       8 |       2 |  20.0
            +---------+---------+-------+---------+---------+-------
